 Dungeon Crawl Stone Soup version 0.26.1-11-gd32895ea62 (webtiles) character file.

Game seed: 18277983466681962812

191 Descartes the Grasshopper (level 5, 0/45 HPs)
             Began as a Naga Warper on June 22, 2021.
             Killed by divine providence
             ... invoked by an orc priest
              (14 damage)
             ... on level 3 of the Dungeon.
             The game lasted 00:11:00 (3412 turns).

Descartes the Grasshopper (Naga Warper)             Turns: 3412, Time: 00:11:01

Health: 0/45       AC: 10    Str: 13    XL:     5   Next: 70%
Magic:  9/9        EV:  2    Int: 14    God:
Gold:   158        SH:  0    Dex: 11    Spells: 8/10 levels left

rFire    . . .     SeeInvis +   B - +0 long sword
rCold    . . .     Faith    .   (no shield)
rNeg     . . .     Spirit   .   y - +0 chain mail
rPois    +         Reflect  .   (no helmet)
rElec    .         Harm     .   (no cloak)
rCorr    .         Rampage  .   (no gloves)
Will     .....                  x - +0 barding
Stlth    ..........             j - amulet of magic regeneration
HPRegen  0.15/turn              (no ring)
MPRegen  0.36/turn              (no ring)

@: very slow
A: large, see invisible, deformed body, poison resistance, slowness 2, spit
poison 1, AC +1
a: Spit Poison


You were on level 3 of the Dungeon.
You visited 1 branch of the dungeon, and saw 3 of its levels.

You collected 158 gold pieces.

Inventory:

Hand Weapons
 a - a +0 falchion
 b - a +0 hunting sling
 B - a +0 long sword (weapon)
Missiles
 e - 5 boomerangs of dispersal (quivered)
 f - a throwing net
 g - 48 arrows
 i - 181 stones
 n - 41 poisoned darts
 r - 35 sling bullets
 z - 2 boomerangs
 A - 14 bolts
Armour
 h - a +0 scale mail
 u - a +0 leather armour
 x - a +0 barding (worn)
 y - a +0 chain mail (worn)
Jewellery
 j - an amulet of magic regeneration (around neck)
Scrolls
 d - 2 scrolls of blinking
 k - 2 scrolls of amnesia {unknown}
 l - 2 scrolls of identify {unknown}
 o - a scroll of noise {unknown}
 p - 2 scrolls of remove curse {unknown}
 q - 2 scrolls of fear {unknown}
 v - 3 scrolls of enchant weapon {unknown}
 w - a scroll of teleportation {unknown}
Potions
 c - a potion of curing
 m - a potion of degeneration {unknown}
 s - a potion of brilliance {unknown}
 t - 2 potions of resistance {unknown}


   Skills:
 - Level 2.0 Fighting
 - Level 2.0 Long Blades
 - Level 0.8 Throwing
 - Level 0.7 Armour
 - Level 1.5 Dodging
 + Level 3.0 Spellcasting
 + Level 5.6 Translocations


You had 8 spell levels left.
You knew the following spells:

 Your Spells              Type           Power        Failure   Level
a - Blink                 Tloc           N/A          75%         2

Your spell library contained the following spells:

 Spells                   Type           Power        Failure   Level
 Gell's Gravitas          Tloc           8%           93%         3
 Lesser Beckoning         Tloc           8%           93%         3
 Teleport Other           Tloc           17%          93%         3
 Passage of Golubria      Tloc           N/A          100%        4


Dungeon Overview and Level Annotations

Branches:
Dungeon (3/15)

Altars:
Qazlal
Xom


Innate Abilities, Weirdness & Mutations

You cannot wear boots.
Your serpentine skin is tough. (AC +1)
You have supernaturally acute eyesight. (SInv)
Armour fits poorly on your strangely shaped body.
Your system is resistant to poisons. (rPois)
You cover ground very slowly.
You can spit poison.


Message History

Pain shoots through your body! The orc hits you but does no damage.
Press: ? - help, Shift-Dir - straight line, f/p - orc priest
Aim: an orc priest, wearing a +0 leather armour (black smoke, moderately wounded)
The splash of poison hits the orc priest!
The orc priest is almost dead.
The orc priest hits you but does no damage.
The orc hits you with a +0 war axe.
* * * LOW HITPOINT WARNING * * *
The orc hits you but does no damage.
The orc priest hits you but does no damage. x2
The orc priest looks braver for a moment.
The orc hits you but does no damage.
There is a shaft here.
You have got your breath back.
The orc priest looks satisfied for a moment.
The orc falls through a shaft!
The shaft crumbles and collapses.
The orc priest looks satisfied for a moment.
The orc priest calls down the wrath of Beogh upon you.
Beogh smites you!
You die...

#....#^#§.^###..####
#.##.#.#..^≈.#.#....
#)...^..^.^.≈.≈.#
#†#......_......###
#)##..^.§...≈.≈...#
#.##^##...o#^#.##.#
#.##.#≈§..≈§#..# #
#.##..##.§o#^^§#
##.###≈..≈..@^.##
#.....####.#.###
#.#.#.# #.....
##.#)## #######
#.###.# ##.#.## ###
#........ #.#.#.#
#.# #.........#
##.#.## #.#
#.........# #.###.#
#.# #.........###


You could see an orc priest and an orc.

Vanquished Creatures
  2 orc priests (D:3)
  2 gnolls (D:3)
  5 adders
  2 dart slugs
  A worm (D:3)
  2 leopard geckos (D:1)
  2 orcs (D:3)
  5 bats
  4 giant cockroaches
  6 goblins
  9 hobgoblins
  7 jackals
  9 kobolds
  A quokka (D:3)
  2 rats (D:2)
59 creatures vanquished.

Notes
Turn   | Place    | Note
-------+----------+-------------------------------------------
     0 | D:1      | Descartes the Naga Warper began the quest for the Orb.
     0 | D:1      | Reached XP level 1. HP: 19/19 MP: 3/3
   293 | D:1      | Reached XP level 2. HP: 23/26 MP: 5/5
   551 | D:1      | Found a shimmering altar of Xom.
   725 | D:1      | Reached skill level 4 in Translocations
   859 | D:1      | Reached XP level 3. HP: 31/32 MP: 6/6
  2360 | D:2      | Reached XP level 4. HP: 39/39 MP: 7/7
  2458 | D:2      | Reached skill level 5 in Translocations
  2599 | D:2      | Learned a level 2 spell: Blink
  2841 | D:3      | Reached XP level 5. HP: 9/45 MP: 8/8
  3180 | D:3      | Found a stormy altar of Qazlal.
  3412 | D:3      | Killed from afar by an orc priest

Illustrated notes

Levels and vault maps discovered:
D:1:      dpeg_arrival_water_fire, layout_loops_ring, fountainhead,
          xom_teletrap_fun
D:2:      layout_basic, serial_corexii_hall, corexii_hall_statues_x,
          corexii_hall_statues_i, minmay_heptomino_d4
D:3:      layout_loops_ring, roderic_roman_lattice, grunt_qazlal_sundering

Skill      XL: |  1  2  3  4  5 |
---------------+----------------+-----
Translocations | 4 5 |  5.6
Spellcasting   | 3 |  3.0
Fighting       | |  2.0
Long Blades    | |  2.0
Throwing       | |  0.8
Armour         | |  0.7
Dodging        | |  1.5

Action                   |  1- 3 |  4- 6 || total
-------------------------+-------+-------++-------
Melee: Falchion          |    58 |    69 ||   127
       Long sword        |       |     9 ||     9
 Abil: Spit Poison       |    39 |    27 ||    66
  Use: Potion            |     1 |       ||     1
Armor: Leather armour    |    18 |       ||    18
       Chain mail        |     1 |    92 ||    93
Dodge: Dodged            |    41 |    13 ||    54
       Rpst.: Falchion   |    13 |     3 ||    16
       Long sword        |       |     1 ||     1
